 Dungeon Crawl Stone Soup version 0.20.1-1-g8b1a95d (webtiles) character file.

88 mythless the Grave Robber (level 4, -3/34 HPs)
             Began as a Hill Orc Necromancer on Nov 5, 2017.
             Was an Initiate of Beogh.
             Killed by nerve-wracking pain
             ... invoked by Grinder
              (13 damage)
             ... on level 3 of the Dungeon.
             The game lasted 00:32:59 (2879 turns).

mythless the Grave Robber (Hill Orc Necromancer)    Turns: 2879, Time: 00:33:00

Health: -3/34      AC:  3    Str: 10    XL:     4   Next: 53%
Magic:  7/7        EV: 12    Int: 16    God:    Beogh [......]
Gold:   101        SH:  0    Dex: 11    Spells: 2/7 levels left

rFire    . . .     SeeInvis +   f - +0 flail (crush)
rCold    . . .     Gourm    .   (no shield)
rNeg     . . .     Faith    .   a - +1 robe
rPois    .         Spirit   .   (no helmet)
rElec    .         Reflect  .   (no cloak)
rCorr    .         Harm     .   (no gloves)
MR       .....                  (no boots)
Stlth    ++........             (no amulet)
Regen    0.2/turn               e - ring of see invisible
MPRegen  0.1/turn               (no ring)

@: no status effects
A: no striking features
a: Renounce Religion


You were on level 3 of the Dungeon.
You worshipped Beogh.
Beogh was noncommittal.
You were not hungry.

You visited 1 branch of the dungeon, and saw 3 of its levels.

You collected 101 gold pieces.

Inventory:

Hand Weapons
 c - a +0 short sword
 f - a +0 flail of crushing (weapon)
 g - a +0 hunting sling
 t - a +0 club
Armour
 a - a +1 robe (worn)
Jewellery
 e - a ring of see invisible (left hand)
 o - a +3 ring of strength {unknown}
Wands
 r - a wand of confusion (42/48)
Scrolls
 d - a scroll of fear
 i - a scroll of identify
Potions
 h - a potion of haste
Books
 b - a book of Necromancy

   Spells                             Type                      Level
   a - Pain                           Necromancy                   1
   b - Animate Skeleton               Necromancy                   1
   c - Vampiric Draining              Necromancy                   3
   d - Regeneration                   Charms/Necromancy            3
   e - Animate Dead                   Necromancy                   4
   f - Control Undead                 Necromancy                   4


   Skills:
 + Level 0.5 Fighting
 + Level 1.1 Short Blades
 + Level 1.9 Dodging
 + Level 1.7 Stealth
 + Level 2.1 Spellcasting
 + Level 4.8 Necromancy


You had 2 spell levels left.
You knew the following spells:

 Your Spells              Type           Power        Failure   Level  Hunger
a - Pain                  Necr           ###.         2%          1    #......
b - Animate Skeleton      Necr           N/A          2%          1    #......
c - Vampiric Draining     Necr           ###.......   9%          3    ###....


Dungeon Overview and Level Annotations

Branches:
Dungeon (3/15)

Altars:

Annotations:
D:3 Grinder


Message History

Casting: Vampiric Draining
Confirm with . or Enter, or press ? or * to list all spells.
You can't see any susceptible monsters within range! (Use Z to cast anyway.)
Casting: Vampiric Draining
Confirm with . or Enter, or press ? or * to list all spells.
You can't see any susceptible monsters within range! (Use Z to cast anyway.)
You hit Grinder but do no damage. Grinder misses you.
Grinder hits you but does no damage.
You barely miss Grinder. Grinder barely misses you.
You hit Grinder.
Grinder is lightly wounded.
Grinder hits you but does no damage.
You sock Grinder!
Grinder is heavily wounded.
Grinder closely misses you. Grinder hits you but does no damage.
You barely miss Grinder.
Grinder is heavily wounded.
Grinder gestures at you. Pain shoots through your body!
You die...

....###.........#
##.....#.##+##.##
#........#...#..#
.......#.'...+.##
...o.....#...#..
.......#.##'##.##
#
................#
.##
.......#.#5#.#.##
?..
.....$....@### #
.?## #.........##
...###..........
................
................
................
...........$....
.<..###........#
###.#


You could see Grinder and a neutral orc priest (wandering).

Vanquished Creatures
  3 adders (D:2)
  An ooze (D:2)
  An orc (D:2)
  4 bats
  5 giant cockroaches
  3 hobgoblins (D:2)
  6 kobolds
  A quokka (D:2)
  2 ball pythons
  A frilled lizard (D:2)
  9 goblins
  7 rats (D:2)
43 creatures vanquished.

Vanquished Creatures (collateral kills)
  An adder (D:2)
  An ooze (D:1)
  2 bats (D:2)
  2 frilled lizards
  A rat (D:2)
7 creatures vanquished.

Vanquished Creatures (others)
  2 orcs (D:3)
  A goblin (D:3)
3 creatures vanquished.

Grand Total: 53 creatures vanquished

Notes
Turn   | Place    | Note
-------+----------+-------------------------------------------
     0 | D:1      | mythless the Hill Orc Necromancer began the quest for the Orb.
     0 | D:1      | Reached XP level 1. HP: 14/14 MP: 3/3
     3 | D:1      | Learned a level 1 spell: Animate Skeleton
   165 | D:1      | Reached XP level 2. HP: 5/20 MP: 0/4
  1019 | D:2      | Reached XP level 3. HP: 14/26 MP: 2/5
  1028 | D:2      | Learned a level 3 spell: Vampiric Draining
  2011 | D:2      | Reached XP level 4. HP: 9/33 MP: 2/7
  2096 | D:2      | Found a faded altar of an unknown god.
  2149 | D:2      | Reached skill level 1 in Short Blades
  2325 | D:3      | Noticed Grinder
  2837 | D:3      | Became a worshipper of Beogh the Brigand
  2879 | D:3      | Killed from afar by Grinder

Skill      XL: |  1  2  3  4 |
---------------+-------------+-----
Spellcasting   | 2 |  2.1
Short Blades   | 1 |  1.1
Fighting       | |  0.5
Dodging        | |  1.9
Stealth        | |  1.7
Necromancy     | |  4.8

Action                   |  1- 3 |  4- 6 || total
-------------------------+-------+-------++-------
Melee: Unarmed           |    10 |       ||    10
       Short sword       |    37 |    20 ||    57
       Club              |     6 |       ||     6
       Flail             |       |     6 ||     6
 Cast: Pain              |    51 |     6 ||    57
       Animate Skeleton  |    12 |     2 ||    14
       Vampiric Draining |       |     5 ||     5
Invok: Convert to Beogh  |       |     1 ||     1
Evoke: Wand              |     1 |     1 ||     2
  Use: Potion            |     3 |     1 ||     4
       Scroll            |       |     8 ||     8
 Stab: Sleeping          |     2 |       ||     2
  Eat: Chunk             |     2 |       ||     2
       Bread ration      |     1 |       ||     1
       Royal jelly       |       |     1 ||     1
Armor: Robe              |    24 |    11 ||    35
Dodge: Dodged            |    78 |    29 ||   107
